 Dungeon Crawl Stone Soup version 0.25.1-2-g60ff931df9 (webtiles) character file.

Game seed: 9741245593218172462

41 Descartes the Shield-Bearer (level 3, -11/29 HPs)
             Began as a Formicid Fighter on Aug 2, 2020.
             Killed by divine providence
             ... invoked by an orc priest
              (15 damage)
             ... on level 2 of the Dungeon.
             The game lasted 00:01:40 (1080 turns).

Descartes the Shield-Bearer (Formicid Fighter)      Turns: 1080, Time: 00:01:41

Health: -11/29     AC:  6    Str: 20    XL:     3   Next: 75%
Magic:  3/3        EV:  8    Int:  8    God:
Gold:   57         SH: 10    Dex: 10    Spells: 2/2 levels left

rFire    . . .     SeeInvis +   a - +0 long sword
rCold    . . .     Gourm    .   c - +0 kite shield
rNeg     . . .     Faith    .   b - +0 scale mail
rPois    .         Spirit   .   (helmet unavailable)
rElec    .         Reflect  .   (no cloak)
rCorr    .         Harm     .   (no gloves)
MR       .....                  (no boots)
Stlth    ..........             (no amulet)
HPRegen  0.09/turn              (no ring)
MPRegen  0.08/turn              (no ring)

@: no status effects
A: permanent stasis, dig shafts and tunnels, four strong arms, antennae 3
a: Dig, Shaft Self


You were on level 2 of the Dungeon.
You were not hungry.

You visited 1 branch of the dungeon, and saw 2 of its levels.

You collected 57 gold pieces.

Inventory:

Hand Weapons
 a - a +0 long sword (weapon)
Missiles
 j - 49 stones (quivered)
Armour
 b - a +0 scale mail (worn)
 c - a +0 kite shield (worn)
Scrolls
 h - a scroll of teleportation {unknown}
 k - a scroll of magic mapping {unknown}
 l - a scroll of remove curse {unknown}
Potions
 d - 2 potions of might
 e - a potion of flight {unknown}
 i - a potion of haste {unknown}
Comestibles
 f - 4 rations
 g - 4 chunks of flesh


   Skills:
 - Level 3.2 Fighting
 - Level 2.0 Long Blades
 - Level 3.2 Armour
 + Level 5.4 Shields


You had 2 spell levels left.
You didn't know any spells.
Your spell library was empty.

Dungeon Overview and Level Annotations

Branches:
Dungeon (2/15)

Altars:


Innate Abilities, Weirdness & Mutations

You cannot be hasted, slowed, berserked, paralysed or teleported.
You can dig through walls and to a lower floor.
Your four strong arms can wield two-handed weapons with a shield.
You have a pair of large antennae on your head. (SInv)


Message History

You resist with some effort.
You closely miss the orc wizard.
The orc wizard is lightly wounded.
You block the orc wizard's attack. x2
The orc priest calls upon Beogh to heal the orc wizard.
The orc wizard's wounds heal themselves!
You hit the orc wizard but do no damage.
The orc wizard hits you but does no damage.
The orc wizard hits you with a +0 dagger.
* * * LOW HITPOINT WARNING * * *
You closely miss the orc wizard.
The orc wizard gestures at you while chanting.
The magic dart hits you.
* * * LOW HITPOINT WARNING * * *
The orc wizard mumbles some strange words.
The orc wizard blinks!
The orc priest mumbles some strange prayers to Beogh against you.
Beogh smites you!
Ouch! That really hurt!
You die...

#....<.......#.....###.
##...).........###....
#.............###.###
#.#.#.............#
#.#.#...........###.#
#.#.................# #
#.#..#.#......#######.##
#.)#.####.###### ..#
#.o.@oo# ...#
######.###...##.
###.#.........
..###....### ###.#.##.##
##.###o.## # .........#
####..#..# #...###..


You could see an orc priest and 2 orc wizards.

Vanquished Creatures
  An ooze (D:1)
  2 dart slugs (D:1)
  2 leopard geckos (D:1)
  4 bats (D:1)
  3 giant cockroaches
  2 goblins (D:2)
  A hobgoblin (D:2)
  2 jackals (D:1)
  3 frilled lizards (D:1)
  2 kobolds (D:1)
  9 rats (D:1)
31 creatures vanquished.

Notes
Turn   | Place    | Note
-------+----------+-------------------------------------------
     0 | D:1      | Descartes the Formicid Fighter began the quest for the Orb.
     0 | D:1      | Reached XP level 1. HP: 18/18 MP: 1/1
    57 | D:1      | Reached skill level 4 in Shields
   132 | D:1      | Reached XP level 2. HP: 24/24 MP: 2/2
   398 | D:1      | Reached XP level 3. HP: 25/29 MP: 3/3
   571 | D:1      | Reached skill level 5 in Shields
  1080 | D:2      | Killed from afar by an orc priest

Illustrated notes

Levels and vault maps discovered:
D:1:      dpeg_arrival_tiny_g, layout_loops_corners, st_stairs_5,
          minmay_rat_gold_closets
D:2:      layout_loops_ring, lemuel_coloured_pillars_altar,
          yredelemnul_altar_generic, chequers_ecumenical_altar_grove,
          chequers_serial_rivers_small_3

Skill      XL: |  1  2  3 |
---------------+----------+-----
Shields        | 4 5 |  5.4
Fighting       | |  3.2
Long Blades    | |  2.0
Armour         | |  3.2

Action                   || total
-------------------------++-------
Melee: Long sword        ||    93
  Eat: Chunk             ||     1
Armor: Scale mail        ||    41
Dodge: Dodged            ||    30
Block: Kite shield       ||    48
       Rpst.: Long sword ||    11
